 Dungeon Crawl Stone Soup version 0.22.1-1-ga44c0e56f4 (webtiles) character file.

41459 LLavrengius the Unseen (level 13, -11/101 HPs)
             Began as a Vampire Enchanter on Nov 11, 2018.
             Was a High Priest of Dithmenos.
             Splashed by an oklob plant's acid (16 damage)
             ... on level 2 of the Lair of Beasts.
             The game lasted 01:53:27 (27006 turns).

LLavrengius the Unseen (Vampire Enchanter)         Turns: 27006, Time: 01:53:30

Health: -11/101    AC: 11    Str:  7    XL:     13   Next: 80%
Magic:  20/20      EV: 20    Int: 18    God:    Dithmenos [*****.]
Gold:   1177       SH:  0    Dex: 19    Spells: 7/22 levels left

rFire    . . .     SeeInvis +   X - +2 great sword
rCold    + + +     Gourm    .   (shield currently unavailable)
rNeg     + + +     Faith    .   M - +2 leather armour {rC+}
rPois    ∞         Spirit   .   L - +0 helmet
rElec    .         Reflect  .   D - +0 cloak
rCorr    .         Harm     .   s - +1 pair of gloves
MR       +....                  (no boots)
Stlth    ++++++++++             (no amulet)
HPRegen  0.00/turn              o - +4 ring of protection
MPRegen  0.17/turn              (no ring)

@: corroded, bloodless, non-regenerating, wreathed by umbra
A: claws 1, fangs 3, molten scales 1, see invisible, unbreathing
a: Bat Form, Shadow Step, Shadow Form, Renounce Religion


You were on level 2 of the Lair of Beasts.
You worshipped Dithmenos.
Dithmenos was extremely pleased with you.
You were bloodless.

You visited 3 branches of the dungeon, and saw 17 of its levels.
You also visited: Sewer, Ossuary and Ice Cave.

You collected 1177 gold pieces.

Inventory:

Hand Weapons
 a - a +1 dagger
 r - a +0 rapier
 t - a +0 dagger of speed
 x - a +2 shortbow of freezing
 H - a +2 dagger of venom
 J - a +0 blowgun
 T - a +5 dagger
 X - a +2 great sword (weapon)
Missiles
 y - 372 arrows
 A - a throwing net (quivered)
 K - 7 curare-tipped needles
 V - 6 exploding tomahawks
 Y - 52 poisoned needles
Armour
 s - a +1 pair of gloves (worn)
 D - a +0 cloak (worn)
 G - a +2 robe of fire resistance
 L - a +0 helmet (worn)
 M - a +2 leather armour of cold resistance (worn)
 W - a +0 buckler
Jewellery
 o - a +4 ring of protection (left hand)
Wands
 v - a wand of random effects (62)
 P - a wand of paralysis (10)
 R - a wand of polymorph (15)
 S - a wand of disintegration (8)
Scrolls
 b - 4 scrolls of blinking
 c - 7 scrolls of identify
 d - 3 scrolls of random uselessness
 e - 7 scrolls of teleportation
 g - 12 scrolls of remove curse
 m - 10 scrolls of amnesia
 n - 6 scrolls of fog
 z - 3 scrolls of fear
 I - 3 scrolls of enchant armour
 N - a scroll of summoning
 O - 4 scrolls of magic mapping
 U - a scroll of enchant weapon
 Z - a scroll of silence {unknown}
Potions
 f - 3 potions of magic
 h - 10 potions of curing
 i - 2 potions of cancellation
 j - 4 potions of heal wounds
 k - 6 potions of haste
 l - 3 potions of resistance
 p - 8 potions of flight
 q - 2 potions of lignification
 u - a potion of brilliance
 w - a potion of ambrosia
 B - a potion of agility
 C - 2 potions of mutation
 E - 3 potions of invisibility
 F - a potion of might


   Skills:
 + Level 9.3 Fighting
 - Level 10.1 Short Blades
 + Level 11.2 Dodging
 + Level 15.9 Stealth
 - Level 4.0 Shields
 - Level 5.0 Spellcasting
 - Level 2.0 Conjurations
 + Level 15.8 Hexes
 - Level 2.0 Translocations
 - Level 2.0 Ice Magic


You had 7 spell levels left.
You knew the following spells:

 Your Spells              Type           Power        Failure   Level  Hunger
a - Dazzling Spray        Conj/Hex       #####.       1%          3    ##.....
b - Ensorcelled Hibernat  Hex/Ice        #####.       1%          2    #......
c - Confuse               Hex            ######..     1%          3    ##.....
d - Tukima's Dance        Hex            ######..     1%          3    ##.....
e - Searing Ray           Conj           ##....       13%         2    #......
f - Blink                 Tloc           N/A          13%         2    #......

Your spell library contained the following spells:

 Spells                   Type           Power        Failure   Level  Hunger
 Confusing Touch          Hex            ######       1%          1    None
 Corona                   Hex            ######.      1%          1    None
 Slow                     Hex            ######..     1%          2    #......
 Fulminant Prism          Conj/Hex       #####.....   4%          4    ####...
 Apportation              Tloc           ##....       9%          1    None
 Magic Dart               Conj           ##..         9%          1    None
 Animate Skeleton         Necr           N/A          21%         1    None
 Summon Small Mammal      Summ           #...         21%         1    None
 Call Imp                 Summ           #.......     30%         2    #......
 Conjure Flame            Conj/Fire      #.......     36%         3    ##.....
 Mephitic Cloud           Conj/Pois/Air  #.......     41%         3    ##.....
 Force Lance              Conj/Tloc      ##......     65%         4    ####...
 Iskenderun's Mystic Bla  Conj           ##......     65%         4    ####...


Dungeon Overview and Level Annotations

Branches:
Dungeon (14/15)            Temple (1/1) D:6            Lair (2/6) D:11
 Shoals (0/4) Lair:2       Spider (0/4) Lair:2          Orc (0/2) D:10
 Vaults (0/5) D:13

Altars:
Ashenzari
Cheibriados
Dithmenos
Elyvilon
Fedhas
Gozag
Hepliaklqana
Kikubaaqudgha
Makhleb
Nemelex Xobeh
Okawaru
Qazlal
Ru
Sif Muna
Trog
Uskayaw
Vehumet
Wu Jian
Xom
Yredelemnul
Zin
The Shining One

Shops:
D:6 }   D:7 }   D:14 *

Annotations:
Lair:2 1 runed door, exclusion: oklob plant, Larche Ideydgh's ghost, journeyman OgNe


Innate Abilities, Weirdness & Mutations

You do not heal naturally.
You are immune to poison.
You have razor-sharp teeth.
You have supernaturally acute eyesight. (SInv)
You can survive without breathing.
You have sharp fingernails.
You are partially covered in molten scales. (AC +2)


Message History

* * * LOW HITPOINT WARNING * * *
You hit the oklob plant but do no damage.
The oklob plant is almost destroyed.
The oklob plant spits acid at you. The splash of acid hits you!
The acid corrodes you!
You are splashed with acid!
The acid burns!
* * * LOW HITPOINT WARNING * * *
You hit the oklob plant.
The oklob plant is almost destroyed.
You hit the oklob plant but do no damage.
You bite the oklob plant, but do no damage.
The oklob plant is almost destroyed.
Unknown command.
You hit the oklob plant but do no damage.
The oklob plant is almost destroyed.
The oklob plant spits acid at you. The splash of acid hits you!
* * * LOW HITPOINT WARNING * * *
You are splashed with acid!
The acid burns!
You die...

## .###
.PP###
...##
#P.#.
..(P#
##....
...##
####.P..#
...#
.......#
...#
#...P.##
..[#
#...P.#
...#
##P.@#
...#
#P.P.#
...#
###....##
...#
##.#.....#
...#
#......#.#
...#
#.#.PP.###
...## #
#...##
>...#
#...##
...##
##P.P.#


You could see an oklob plant.

Vanquished Creatures
  Snorg (D:11)
  A great orb of eyes (D:12)
  A hydra (Lair:2)
  A centaur warrior (D:14)
  The ghost of roosipov the Cleaver, a novice MiFi of the Shining One (Lair:1)
  3 two-headed ogres
  A dancing weapon (Lair:1)
  Urug (D:10)
  A tengu warrior (D:13)
  Sonja (D:10)
  An unseen horror (D:13)
  A wizard (D:13)
  A necromancer (IceCv)
  3 oklob plants (Lair:2)
  8 ugly things (D:14)
  3 manticores
  A cyclops (D:12)
  12 elephants
  2 black mambas
  2 ice statues (IceCv)
  2 gargoyles (D:11)
  3 spiny frogs
  11 ice devils (IceCv)
  A kobold demonologist (D:14)
  4 komodo dragons
  2 tengu conjurers (D:14)
  5 trolls
  2 polar bears (D:11)
  Grinder (D:4)
  2 slime creatures (D:12)
  4 hippogriffs
  A snapping turtle (Lair:2)
  A shadow (D:12)
  A vampire (D:9)
  4 hogs (D:7)
  3 wyverns
  A tarantella (Lair:2)
  A human (D:7)
  9 yaks
  3 hungry ghosts
  4 vampire mosquitoes (D:14)
  A basilisk (Lair:2)
  3 wargs (D:10)
  4 water moccasins
  8 porcupines
  6 orc warriors
  An ice beast (D:11)
  2 phantoms
  A sky beast (D:12)
  2 necrophages (D:11)
  A black bear (D:10)
  7 ogres
  6 wolves (Lair:1)
  10 centaurs
  2 crocodiles
  2 big kobolds (D:14)
  10 bullfrogs
  A gnoll sergeant (D:11)
  4 scorpions
  5 killer bees (D:11)
  6 wights
  3 howler monkeys
  2 electric eels
  6 crimson imps
  2 centaur zombies
  5 jellies
  A wyvern simulacrum (D:14)
  A bullfrog zombie (D:10)
  7 orc priests
  8 orc wizards
  3 centaur skeletons
  A bullfrog skeleton (D:11)
  8 hounds
  3 iguanas
  7 worker ants
  5 troll simulacra (IceCv)
  A big kobold zombie (Ossuary)
  5 centaur simulacra
  9 mummies
  A worker ant zombie (D:7)
  7 gnolls
  10 adders
  A naga simulacrum (IceCv)
  An ogre simulacrum (IceCv)
  3 shadow imps
  A white imp (D:11)
  2 ufetubi (D:11)
  An adder skeleton (D:5)
  An adder zombie (D:8)
  A worm (D:3)
  3 dart slugs
  3 leopard geckos
  27 orcs
  6 bats
  5 giant cockroaches
  4 goblins
  4 hobgoblins
  7 jackals (Sewer)
  4 quokkas
  3 ball pythons (Sewer)
  8 frilled lizards
  2 gnoll zombies (Ossuary)
  A goblin zombie (D:7)
  A hobgoblin zombie (Ossuary)
  A jackal skeleton (D:5)
  18 kobolds
  4 kobold zombies (Ossuary)
  3 leopard gecko skeletons
  An orc zombie (D:7)
  A quokka skeleton (D:6)
  4 rats (D:3)
  6 plants
415 creatures vanquished.

Vanquished Creatures (others)
  An orc (D:11)
  6 fungi (D:11)
  12 plants
19 creatures vanquished.

Grand Total: 434 creatures vanquished

Notes
Turn   | Place    | Note
-------+----------+-------------------------------------------
     0 | D:1      | LLavrengius the Vampire Enchanter began the quest for the
                  | Orb.
     0 | D:1      | Reached XP level 1. HP: 13/13 MP: 3/3
   605 | D:1      | Reached skill level 5 in Hexes
   646 | D:1      | Reached XP level 2. HP: 19/19 MP: 5/5
   824 | D:1      | Learned a level 2 spell: Ensorcelled Hibernation
  1134 | D:1      | You fall through a shaft!
  2289 | D:3      | Reached XP level 3. HP: 24/24 MP: 6/6
  2359 | D:3      | Learned a level 3 spell: Confuse
  2804 | D:3      | Found a deep blue altar of Sif Muna.
  2810 | D:3      | Found a shattered altar of Ashenzari.
  2815 | D:3      | Found a hazy altar of Hepliaklqana.
  2981 | D:4      | Noticed an ogre
  3070 | D:4      | Killed an ogre
  3070 | D:4      | Reached XP level 4. HP: 25/30 MP: 0/7
  3140 | D:4      | Reached XP level 5. HP: 29/35 MP: 8/8
  3776 | D:4      | Reached skill level 5 in Stealth
  3892 | D:4      | Noticed Grinder
  3981 | D:4      | Paralysed by Grinder for 4 turns
  4009 | D:4      | Paralysed by Grinder for 4 turns
  4018 | D:4      | Paralysed by Grinder for 2 turns
  4021 | D:4      | Paralysed by Grinder for 7 turns
  4063 | D:4      | HP: 1/35 [orc wizard/magic dart (2)]
  4087 | D:3      | Reached XP level 6. HP: 7/41 MP: 4/9
  4886 | D:4      | Killed Grinder
  5123 | D:4      | Reached XP level 7. HP: 38/46 MP: 7/10
  5246 | D:5      | Entered Level 5 of the Dungeon
  5541 | D:5      | Found a bloodstained altar of Trog.
  5875 | D:6      | Reached XP level 8. HP: 52/52 MP: 7/11
  5888 | D:6      | Found a glowing drain.
  5925 | Sewer    | Entered a sewer
  6603 | Sewer    | Reached skill level 10 in Hexes
  6689 | Sewer    | Reached skill level 5 in Short Blades
  7308 | D:6      | Found Duushex's Gadget Shoppe.
  7340 | D:6      | Found a bloodstained altar of Trog.
  7430 | D:6      | Reached skill level 10 in Stealth
  7538 | D:6      | Found a staircase to the Ecumenical Temple.
  7631 | Temple   | Entered the Ecumenical Temple
  7709 | Temple   | Became a worshipper of Dithmenos the Shadowed
  7844 | D:7      | Found Lifac's Gadget Shoppe.
  7905 | D:7      | Reached XP level 9. HP: 41/57 MP: 5/12
  7947 | D:7      | Found a sand-covered staircase.
  7958 | Ossuary  | Entered an ossuary
  8809 | Ossuary  | Reached * piety under Dithmenos
  9250 | D:6      | Reached skill level 1 in Fighting
  9692 | D:7      | Learned a level 3 spell: Dazzling Spray
  9696 | D:7      | Learned a level 3 spell: Tukima's Dance
 10229 | D:8      | Found an ancient bone altar of Kikubaaqudgha.
 10229 | D:8      | Found a blossoming altar of Fedhas.
 10352 | D:8      | Reached ** piety under Dithmenos
 10586 | D:8      | Found a stormy altar of Qazlal.
 11019 | D:9      | Reached XP level 10. HP: 68/68 MP: 13/13
 11290 | D:9      | Found a glowing golden altar of the Shining One.
 11573 | D:10     | Entered Level 10 of the Dungeon
 11620 | D:10     | Found a staircase to the Orcish Mines.
 12605 | D:10     | Noticed Sonja
 12612 | D:10     | Killed Sonja
 12612 | D:10     | Reached skill level 10 in Short Blades
 12641 | D:10     | Noticed Urug
 12645 | D:10     | Killed Urug
 12645 | D:10     | Reached skill level 5 in Dodging
 12935 | D:11     | Noticed a gargoyle
 12957 | D:11     | Killed a gargoyle
 13083 | D:11     | Noticed a gargoyle
 13151 | D:11     | Noticed a manticore
 13152 | D:11     | Noticed Snorg
 13153 | D:11     | Found a frozen archway.
 13154 | D:11     | Reached *** piety under Dithmenos
 13154 | D:11     | Reached XP level 11. HP: 32/78 MP: 4/14
 13159 | D:11     | Killed Snorg
 13162 | IceCv    | Entered an ice cave
 13669 | IceCv    | Reached skill level 5 in Fighting
 14763 | IceCv    | Reached skill level 15 in Stealth
 14818 | IceCv    | HP: 3/80 [troll simulacrum (4)]
 14840 | IceCv    | Noticed a necromancer
 14851 | IceCv    | HP: 1/80 [ice devil (7)]
 14886 | IceCv    | Killed a necromancer
 16482 | IceCv    | Learned a level 2 spell: Searing Ray
 16535 | IceCv    | Gained mutation: You are partially covered in molten
                  | scales. (AC +2) [potion of mutation]
 16535 | IceCv    | Gained mutation: You have sharp fingernails. [potion of
                  | mutation]
 18002 | D:11     | Found a staircase to the Lair.
 18171 | D:12     | Reached **** piety under Dithmenos
 18321 | D:12     | Reached XP level 12. HP: 89/89 MP: 11/15
 18522 | D:12     | Noticed a great orb of eyes
 18570 | D:12     | Paralysed by a great orb of eyes for 3 turns
 18578 | D:12     | Killed a great orb of eyes
 19267 | D:13     | Noticed a two-headed ogre
 19292 | D:13     | Noticed a two-headed ogre
 19293 | D:13     | Found a gate to the Vaults.
 19298 | D:13     | Killed a two-headed ogre
 19302 | D:13     | Killed a two-headed ogre
 19514 | D:14     | Noticed a five-headed hydra
 19524 | D:14     | Noticed a centaur warrior
 19546 | D:14     | Killed a centaur warrior
 19627 | D:14     | Reached skill level 10 in Dodging
 19627 | D:14     | Reached skill level 1 in Conjurations
 19649 | D:14     | Noticed a tengu warrior
 19688 | D:13     | Killed a tengu warrior
 20489 | D:14     | Reached ***** piety under Dithmenos
 20503 | D:14     | Reached skill level 1 in Shields
 20989 | D:14     | Reached XP level 13. HP: 79/99 MP: 15/18
 21038 | D:14     | Found Yrphee's Assorted Antiques.
 21093 | D:14     | Reached skill level 15 in Hexes
 21797 | Lair:1   | Entered Level 1 of the Lair of Beasts
 21810 | Lair:1   | Found a runed door.
 21810 | Lair:1   | Found a shimmering altar of Xom.
 21810 | Lair:1   | Noticed roosipov's ghost (novice MiFi)
 21818 | Lair:1   | Killed roosipov's ghost
 22516 | Lair:1   | Learned a level 2 spell: Blink
 22820 | Lair:1   | Reached skill level 1 in Translocations
 23704 | Lair:2   | Found a runed door.
 23711 | Lair:2   | Noticed Larche Ideydgh's ghost (journeyman OgNe)
 23781 | Lair:2   | Found a hole to the Spider Nest.
 24285 | Lair:2   | Found a staircase to the Shoals.
 24295 | Lair:2   | Reached skill level 5 in Spellcasting
 27006 | Lair:2   | HP: 5/101 [oklob plant/splash of acid (11)]
 27006 | Lair:2   | Splashed by an oklob plant's acid

Skill      XL: |  1  2  3  4  5  6  7  8  9 10 11 12 13 |
---------------+----------------------------------------+-----
Hexes          | 5 6 7 8 9 10 11 13 14 15 | 15.8
Ice Magic      | 2 |  2.0
Short Blades   | 2 3 4 7 9 10 | 10.1
Stealth        | 5 6 8 11 13 14 15 | 15.9
Fighting       | 2 4 6 8 9 |  9.3
Dodging        | 4 6 8 10 11 | 11.2
Conjurations   | 2 |  2.0
Spellcasting   | 3 5 |  5.0
Shields        | 2 4 |  4.0
Translocations | 2 |  2.0

Action                   |  1- 3 |  4- 6 |  7- 9 | 10-12 | 13-15 || total
-------------------------+-------+-------+-------+-------+-------++-------
Melee: Dagger            |    92 |    77 |   958 |   883 |   192 ||  2202
       Bite              |     5 |     6 |   154 |   113 |    35 ||   313
       Rapier            |       |       |       |   113 |       ||   113
       Great sword       |       |       |       |       |    86 ||    86
 Cast: Ensorcelled Hiber |     4 |    21 |    59 |    59 |    75 ||   218
       Confuse           |     2 |    11 |    41 |    76 |    28 ||   158
       Searing Ray       |       |       |       |     6 |       ||     6
Evoke: Wand              |       |       |       |    34 |       ||    34
  Use: Potion            |       |     1 |     3 |    12 |     9 ||    25
       Scroll            |       |       |    16 |    13 |     1 ||    30
 Stab: Sleeping          |    18 |    14 |    69 |    69 |    48 ||   218
       Confused          |     2 |     4 |    22 |    51 |    20 ||    99
       Distracted        |       |       |     1 |     4 |     2 ||     7
       Invisible         |       |       |       |     4 |       ||     4
  Eat: Corpse            |       |     1 |       |     4 |       ||     5
Armor: Robe              |    20 |    12 |    91 |    69 |       ||   192
       Leather armour    |       |       |       |   126 |    33 ||   159
Dodge: Dodged            |    51 |    46 |   158 |   639 |   100 ||   994
Block: Buckler           |       |       |       |     2 |    27 ||    29
